 Dungeon Crawl Stone Soup version 0.31.0-9-g3a7656b989 (webtiles) character file.

Game seed: 17460466538988484479

170 Ashen the Ruffian (level 5, 0/31 HPs)
             Began as a Naga Shapeshifter on Jan 24, 2024.
             Slain by a gnoll
             ... wielding a +0 spear
              (4 damage)
             ... on level 3 of the Dungeon.
             The game lasted 00:06:15 (2248 turns).

Ashen the Ruffian (Naga Shapeshifter)               Turns: 2248, Time: 00:06:15

Health: 0/31       AC:  1    Str: 16    XL:     5   Next: 51%
Magic:  5/5        EV: 14    Int: 11    God:
Gold:   115        SH:  0    Dex: 12    Spells: 4/4 levels left

rFire   . .          .
                       - Unarmed
rCold   . . .        (shield currently unavailable)
rNeg    . . .        a - melded +0 animal skin
rPois   +            (no helmet)
rElec   .            (no cloak)
rCorr   .            (no gloves)
SInv    +            (no barding)
Will    .....        q - amulet of magic regeneration
Stlth   +            (no ring)
HPRegen 0.25/turn    (no ring)
MPRegen 0.49/turn

%: no passive effects
@: flux-form, glowing, very slow
A: glow, contaminating, reduced hp, AC +1, large, see invisible, deformed body,
poison resistance, slowness 2, spit poison 1, naga tail 1
a: Spit Poison, Begin Untransformation


You were on level 3 of the Dungeon.
You were something dangerously unstable.
You visited 1 branch of the dungeon, and saw 3 of its levels.

You collected 115 gold pieces.

Inventory:

Armour
 a - a +0 animal skin (melded)
Jewellery
 q - an amulet of magic regeneration (around neck)
Talismans
 c - a beast talisman
 d - a flux talisman (active)
 r - a storm talisman
Scrolls
 e - 4 scrolls of identify {unknown}
 f - a scroll of teleportation {unknown}
 g - 2 scrolls of vulnerability {unknown}
 l - a scroll of amnesia {unknown}
 m - a scroll of enchant armour {unknown}
 n - a scroll of fog {unknown}
 o - a scroll of silence {unknown}
Potions
 b - a potion of lignification
 h - a potion of might {unknown}
 i - a potion of resistance {unknown}
 j - a potion of mutation {unknown}
 k - a potion of enlightenment {unknown}
 p - 2 potions of curing {unknown}
 s - a potion of heal wounds {unknown}


   Skills:
 + Level 2.6 Fighting
 + Level 2.6 Dodging
 + Level 3.9 Unarmed Combat
 + Level 3.8 Shapeshifting


You had 4 spell levels left.
You didn't know any spells.
Your spell library contained the following spells:

 Spells                   Type           Power      Damage    Failure   Level
 Kiss of Death            Conj/Necr      0%         2d5       34%         1
 Call Imp                 Summ           0%         N/A       47%         2
 Sublimation of Blood     Necr           0%         N/A       47%         2
 Confusing Touch          Hex            0%         N/A       71%         3
 Hailstorm                Conj/Ice       0%         3d5       71%         3
 Summon Ice Beast         Ice/Summ       0%         N/A       71%         3
 Dispel Undead            Necr           0%         3d6       98%         4
 Sculpt Simulacrum        Ice/Alch       0%         N/A       100%        6
 Summon Hydra             Summ           0%         N/A       100%        7


Dungeon Overview and Level Annotations

Branches:
Dungeon (3/15)

Altars:


Innate Abilities, Weirdness & Mutations

You are something dangerously unstable.
You glow with magical radiation, making you easy to see and hit.
Foes you strike become dangerously contaminated with magical radiation.
Your maximum health is decreased, since you lack skill for your form.
You are incapable of wielding weapons or throwing items.
Your serpentine skin is tough. (AC +1)
You have supernaturally acute eyesight. (SInv)
Armour fits poorly on your strangely shaped body.
Your system is resistant to poisons. (rPois)
You cover ground very slowly.
You can spit poison.
You have a snake-like lower body.


Message History

You hit the gnoll.
The gnoll begins to glow.
The gnoll is moderately wounded.
The gnoll barely misses you. x2
You barely miss the gnoll.
The gnoll is moderately wounded.
The gnoll hits you from afar with a +0 spear.
The gnoll closely misses you.
You hit the gnoll.
The gnoll glows dangerously bright.
The gnoll is moderately wounded.
The gnoll hits you from afar with a +0 spear!
The gnoll barely misses you.
You hit the gnoll.
The gnoll shudders as magic cascades through it.
The gnoll twists and deforms.
The gnoll is heavily wounded.
The gnoll misses you. The gnoll barely misses you.
Press: ? - help, v - describe, . - travel
Here: a gnoll, wielding a +0 whip and quivering 2 throwing nets The floor.
You hit the gnoll.
The gnoll begins to glow.
The gnoll is almost dead.
The gnoll hits you with a +0 flail. The gnoll closely misses you.
You hit the gnoll.
You kill the gnoll!
The gnoll hits you with a +0 spear. The gnoll barely misses you.
You see here a +0 flail.
You hit the gnoll.
The gnoll begins to glow.
The gnoll is lightly wounded.
The gnoll completely misses you.
You barely miss the gnoll.
The gnoll is lightly wounded.
The gnoll hits you with a +0 spear.
* * * LOW HITPOINT WARNING * * *
You hit the gnoll but do no damage.
The gnoll glows dangerously bright.
The gnoll is lightly wounded.
The gnoll hits you with a +0 spear.
* * * LOW HITPOINT WARNING * * *
The gnoll barely misses you.
The gnoll hits you from afar with a +0 spear.
You die...

#...# #.####.##.# #.# #...#
#.#....##.####.#### #...#
#.#..†............# #...#
#g#....##.........# #...###
#g#.....#.........## #...#.#
#.#................. ##...#>#
#)####..#.........## #>...#.#
#g####..#.........# ###....#.#
#..p....#.........# ##.#....#.#
###.......##.#†####
#.......#.######.##.......#.#####
..............#..................
...†....#.###.#..##..............
.......##.###.#..##.##..###.##.##
........#...........##..##.....##
.......##.....#.....##..##..##.##
........#.###...######..##......#


You could see a gnoll (heavy contam).

Vanquished Creatures
  A hound (D:3)
  4 gnolls
  4 adders
  5 dart slugs
  A ribbon worm (D:3)
  4 bats
  4 endoplasms
  2 giant cockroaches
  5 goblins
  5 hobgoblins
  3 jackals (D:2)
  5 kobolds
  2 quokkas
  3 ball pythons
  A frilled lizard (D:3)
  5 rats
54 creatures vanquished.

Notes
Turn   | Place    | Note
-------+----------+-------------------------------------------
     0 | D:1      | Ashen the Naga Shapeshifter began the quest for the Orb.
     0 | D:1      | Reached XP level 1. HP: 18/18 MP: 1/1
   168 | D:1      | Reached XP level 2. HP: 25/25 MP: 2/2
   715 | D:2      | Reached XP level 3. HP: 28/31 MP: 3/3
  1001 | D:2      | Reached XP level 4. HP: 26/39 MP: 4/4
  1998 | D:3      | Reached XP level 5. HP: 26/46 MP: 5/5
  2248 | D:3      | Slain by a gnoll

Illustrated notes

Levels and vault maps discovered:
D:1:      scummos_arrival_hexagon, layout_rooms
D:2:      layout_loops_corners, kennysheep_generic_room_8
D:3:      layout_basic, worldfamousw_hep_ancestral_shrine,
          kennysheep_generic_room_10

Skill      XL: |  1  2  3 |
---------------+----------+-----
Dodging        | 2 |  2.6
Fighting       | 2 |  2.6
Unarmed Combat | |  3.9
Shapeshifting  | |  3.8

Action                     |  1- 3 |  4- 6 || total
---------------------------+-------+-------++-------
  Melee: Unarmed           |    76 |   108 ||   184
 Armour: Animal skin       |    48 |       ||    48
         Skin              |       |    54 ||    54
  Dodge: Dodged            |    29 |    75 ||   104
   Form: Flux              |       |     3 ||     3
         Storm             |       |     2 ||     2
